 Dungeon Crawl Stone Soup version 0.20.0-15-g7f486f2 (webtiles) character file.

1033 renl the Cleaver (level 8, -2/69 HPs)
             Began as a Hill Orc Berserker on June 22, 2017.
             Was a Priest of Trog.
             Killed from afar by an orc wizard (3 damage)
             ... with a magic dart
             ... on level 5 of the Dungeon.
             The game lasted 00:20:23 (2606 turns).

renl the Cleaver (Hill Orc Berserker)               Turns: 2606, Time: 00:20:23

Health: -2/69      AC:  6    Str: 22    XL:     8   Next: 24%
Magic:  8/8        EV: 11    Int:  7    God:    Trog [***...]
Gold:   148        SH:  0    Dex: 10    Spells: 7/7 levels left

rFire    . . .     SeeInvis +   y - +3 battleaxe
rCold    . . .     Gourm    .   (shield currently unavailable)
rNeg     . . .     Faith    .   A - +0 scale mail
rPois    .         Spirit   .   (no helmet)
rElec    .         Reflect  .   (no cloak)
rCorr    .         Harm     .   (no gloves)
MR       .....     Rnd*Tele +   (no boots)
Stlth    ..........             z - amulet of rage
Regen    0.3/turn               k - ring of see invisible
MPRegen  0.2/turn               x - ring of teleportation (curse)

@: no status effects
A: no striking features
a: Berserk, Trog's Hand, Burn Spellbooks, Renounce Religion, Evoke Berserk Rage


You were on level 5 of the Dungeon.
You worshipped Trog.
Trog was most pleased with you.
You were near starving.

You visited 1 branch of the dungeon, and saw 5 of its levels.

You collected 148 gold pieces.

Inventory:

Hand Weapons
 v - a +0 hand axe of chopping
 y - a +3 battleaxe (weapon)
Armour
 A - a +0 scale mail (worn)
Jewellery
 k - a ring of see invisible (left hand)
 x - a cursed ring of teleportation (right hand)
 z - an amulet of rage (around neck)
Scrolls
 a - a scroll of teleportation {unknown}
 e - a scroll of enchant weapon {unknown}
 f - a scroll of fear {unknown}
 g - 4 scrolls of remove curse
 h - 3 scrolls of magic mapping {unknown}
 i - a scroll of enchant armour {unknown}
 m - a scroll of blinking {unknown}
 q - a scroll of immolation {unknown}
Potions
 d - 3 potions of lignification
 j - a potion of magic
 l - a potion of might
 n - 3 potions of curing
 p - a potion of mutation {unknown}
 r - a potion of flight {unknown}
 t - a potion of cancellation {unknown}
Comestibles
 b - a royal jelly
 c - 2 bread rations
 o - 4 chunks of flesh
 s - 3 meat rations
 w - 4 fruits


   Skills:
 + Level 5.5 Fighting
 * Level 10.9 Axes
 + Level 3.1 Armour
 + Level 2.7 Dodging


You had 7 spell levels left.
You didn't know any spells.

Dungeon Overview and Level Annotations

Branches:
Dungeon (5/15)
 Temple: D:4-7

Altars:
Ashenzari
Cheibriados
Makhleb
The Shining One

Annotations:
D:5 Duvessa


Message History

The orc hits you.
* * * LOW HITPOINT WARNING * * *
The orc wizard hits you but does no damage.
The orc closely misses you. The orc wizard barely misses you.
The orc completely misses you. The orc wizard closely misses you.
The orc closely misses you. The orc wizard barely misses you.
The orc barely misses you. The orc wizard hits you with a dagger.
* * * LOW HITPOINT WARNING * * *
The orc hits you but does no damage. The orc wizard barely misses you.
The orc hits you but does no damage.
The orc wizard hits you but does no damage.
The orc hits you but does no damage.
The orc wizard hits you but does no damage.
The orc hits you.
* * * LOW HITPOINT WARNING * * *
The orc wizard barely misses you. The orc hits you but does no damage.
The orc wizard gestures at you while chanting.
The magic dart hits you!
You die...

##.....# #
......+
#.#.....#
##.#.....#
........#
####......#
......oo$.#
#....@)#
#.#.......#
##......#
#......#
#......#
#......#
#......#
######..


You could see an orc wizard (invisible) and an orc.

Vanquished Creatures
  An ogre (D:4)
  The ghost of MollyMolluskus the Ducker, an amateur OpFi (D:3)
  Dowan (D:5)
  5 wights (D:4)
  A crimson imp (D:4)
  A centaur skeleton (D:5)
  3 orc priests (D:4)
  5 orc wizards
  4 worker ants (D:4)
  3 gnolls (D:4)
  5 adders
  A shadow imp (D:5)
  An ooze (D:2)
  A worm (D:1)
  3 dart slugs
  3 leopard geckos
  27 orcs
  A ball python (D:1)
  5 bats
  5 giant cockroaches
  11 goblins
  6 hobgoblins
  4 jackals (D:4)
  2 quokkas (D:2)
  5 frilled lizards
  A goblin skeleton (D:4)
  A goblin zombie (D:4)
  A hobgoblin zombie (D:4)
  A jackal skeleton (D:4)
  A jackal zombie (D:5)
  6 kobolds
  A kobold zombie (D:4)
  A leopard gecko skeleton (D:5)
  2 orc skeletons (D:4)
  An orc zombie (D:4)
  8 rats
129 creatures vanquished.

Notes
Turn   | Place    | Note
-------+----------+-------------------------------------------
     0 | D:1      | renl the Hill Orc Berserker began the quest for the Orb.
     0 | D:1      | Reached XP level 1. HP: 19/19 MP: 1/1
   108 | D:1      | Reached XP level 2. HP: 22/27 MP: 2/2
   476 | D:1      | Reached skill level 5 in Axes
   476 | D:1      | Reached XP level 3. HP: 13/33 MP: 3/3
   483 | D:1      | Reached ** piety under Trog
   902 | D:2      | Reached XP level 4. HP: 7/40 MP: 4/4
  1150 | D:3      | Reached skill level 6 in Axes
  1156 | D:3      | Reached XP level 5. HP: 30/47 MP: 5/5
  1236 | D:3      | Found a burning altar of Makhleb.
  1292 | D:3      | Noticed MollyMolluskus's ghost (amateur OpFi)
  1314 | D:3      | Killed MollyMolluskus's ghost
  1314 | D:3      | Reached skill level 7 in Axes
  1375 | D:3      | Found a snail-covered altar of Cheibriados.
  1385 | D:3      | Reached XP level 6. HP: 31/53 MP: 6/6
  1558 | D:3      | Found a snail-covered altar of Cheibriados.
  1774 | D:4      | Reached *** piety under Trog
  1775 | D:4      | Found a glowing golden altar of the Shining One.
  1791 | D:4      | Reached skill level 8 in Axes
  1891 | D:4      | Reached skill level 5 in Fighting
  1891 | D:4      | Reached XP level 7. HP: 45/61 MP: 7/7
  1952 | D:4      | Reached skill level 9 in Axes
  2038 | D:4      | Found a shattered altar of Ashenzari.
  2079 | D:4      | Reached skill level 10 in Axes
  2081 | D:4      | HP: 3/61 [orc priest/short sword (3)]
  2197 | D:4      | Reached XP level 8. HP: 7/68 MP: 8/8
  2370 | D:5      | Entered Level 5 of the Dungeon
  2429 | D:5      | Noticed Dowan
  2443 | D:5      | Killed Dowan
  2444 | D:5      | Noticed Duvessa
  2597 | D:5      | HP: 2/69 [orc (2)]
  2605 | D:5      | HP: 1/69 [orc (1)]
  2606 | D:5      | Killed from afar by an orc wizard

Skill      XL: |  1  2  3  4  5  6  7  8 |
---------------+-------------------------+-----
Axes           | 5 6 7 8 10 | 10.9
Fighting       | 4 5 |  5.5
Dodging        | 2 |  2.7
Armour         | 3 |  3.1

Action                   |  1- 3 |  4- 6 |  7- 9 || total
-------------------------+-------+-------+-------++-------
Melee: Hand axe          |   115 |   144 |    13 ||   272
       Battleaxe         |       |       |    62 ||    62
Invok: Trog's Hand       |       |     3 |     6 ||     9
       Berserk           |       |     4 |     4 ||     8
  Use: Scroll            |       |       |     5 ||     5
  Eat: Chunk             |       |     8 |     6 ||    14
Armor: Animal skin       |    16 |    11 |       ||    27
       Ring mail         |       |    20 |     5 ||    25
       Scale mail        |       |       |    99 ||    99
Dodge: Dodged            |    63 |    93 |   189 ||   345
